 Dungeon Crawl Stone Soup version 0.23-a0-844-gdc03e01 (webtiles) character file.

239 tilp the Chiller (level 6, -1/45 HPs)
             Began as a Merfolk Ice Elementalist on Jan 26, 2019.
             Was an Initiate of Makhleb.
             Killed from afar by an orc wizard (5 damage)
             ... with a magic dart
             ... on level 3 of the Dungeon.
             The game lasted 00:10:29 (4108 turns).

tilp the Chiller (Merfolk Ice Elementalist)         Turns: 4108, Time: 00:10:30

Health: -1/45      AC:  4    Str:  8    XL:     6   Next: 7%
Magic:  2/9        EV: 13    Int: 16    God:    Makhleb [......]
Gold:   161        SH:  0    Dex: 15    Spells: 3/9 levels left

rFire    . . .     SeeInvis .   a - +1 dagger (venom)
rCold    . . .     Gourm    .   (no shield)
rNeg     . . .     Faith    .   l - +0 leather armour
rPois    .         Spirit   .   (no helmet)
rElec    .         Reflect  .   e - scarf {repulsion}
rCorr    .         Harm     .   (no gloves)
MR       .....                  r - +0 pair of boots
Stlth    +++.......             (no amulet)
HPRegen  0.15/turn              n - ring of stealth
MPRegen  0.11/turn              (no ring)

@: repel missiles
A: change form in water, swift swim, stealthy swim
a: Renounce Religion


You were on level 3 of the Dungeon.
You worshipped Makhleb.
Makhleb was noncommittal.
You were not hungry.

You visited 2 branches of the dungeon, and saw 5 of its levels.

You collected 161 gold pieces.

Inventory:

Hand Weapons
 a - a +1 dagger of venom (weapon)
 k - a +0 hunting sling
Missiles
 i - 110 stones (quivered)
 q - 9 sling bullets
Armour
 e - a scarf of repulsion (worn)
 l - a +0 leather armour (worn)
 r - a +0 pair of boots (worn)
Jewellery
 n - a ring of stealth (left hand)
Scrolls
 b - a scroll of enchant weapon {unknown}
 f - a scroll of magic mapping {unknown}
 h - a scroll of teleportation
 j - 4 scrolls of remove curse
 m - a scroll of fear
 o - a scroll of amnesia {unknown}
 s - a scroll of noise {unknown}
 t - a scroll of identify
Potions
 d - 2 potions of flight
 p - a potion of magic {unknown}
Comestibles
 c - 9 rations


   Skills:
 + Level 2.3 Fighting
 + Level 4.1 Dodging
 - Level 2.1 Stealth
 - Level 2.0 Spellcasting
 - Level 0.7 Conjurations
 - Level 6.1 Ice Magic


You had 3 spell levels left.
You knew the following spells:

 Your Spells              Type           Power        Failure   Level  Hunger
a - Freeze                Ice            ###.         2%          1    #......
b - Throw Frost           Conj/Ice       ##....       11%         2    ###....
c - Ozocubu's Armour      Chrm/Ice       ##......     26%         3    ###....

Your spell library contained the following spells:

 Spells                   Type           Power        Failure   Level  Hunger
 Throw Icicle             Conj/Ice       ##......     58%         4    #####..
 Summon Ice Beast         Ice/Summ       ##......     65%         4    #####..


Dungeon Overview and Level Annotations

Branches:
Dungeon (4/15)             Temple (1/1) D:4

Altars:
Cheibriados
Elyvilon
Gozag
Kikubaaqudgha
Makhleb
Trog
Wu Jian
Yredelemnul

Annotations:
D:1 plant vaults
D:4 exclusion: ogre, Blork the orc


Message History

There is a stone staircase leading down here.
Something hits you but does no damage.
Deactivating autopickup; reactivate with Ctrl-A.
A magic dart appears from out of thin air!
The magic dart hits you.
* * * LOW HITPOINT WARNING * * *
You see here a leather armour.
You hear some strange, mumbled words.
You are confused.
You feel better.
You hear some strange, mumbled words.
A magic dart appears from out of thin air!
The magic dart hits you!
* * * LOW HITPOINT WARNING * * *
You see here a leather armour.
You closely miss something. Something hits you.
* * * LOW HITPOINT WARNING * * *
A magic dart appears from out of thin air!
The magic dart hits you.
You die...

.....# #.# #.# #..# #######
#.##.# #.# #.# #..# #......
#.##.# #.# #.# #..# #......
#.##.#####.# #)# #..#####......
...........# #.# #...........).
###.#.########.#
##..#####...... #.#.........)#
#>....# #......
#.##########.####.....###......
#.............@[.............##
#################.....########
#.....# #######


There were no monsters in sight!

Vanquished Creatures
  2 orc priests (D:4)
  A bullfrog skeleton (D:4)
  2 worker ants (D:4)
  3 adders
  A worm (D:2)
  A dart slug (D:2)
  7 orcs
  A ball python (D:2)
  2 giant cockroaches
  6 goblins
  6 hobgoblins
  8 jackals
  A quokka (D:4)
  9 bats
  5 frilled lizards
  7 kobolds
  A quokka skeleton (D:4)
  4 rats
67 creatures vanquished.

Vanquished Creatures (others)
  A plant (D:1)
1 creature vanquished.

Grand Total: 68 creatures vanquished

Notes
Turn   | Place    | Note
-------+----------+-------------------------------------------
     0 | D:1      | tilp the Merfolk Ice Elementalist began the quest for the
                  | Orb.
     0 | D:1      | Reached XP level 1. HP: 13/13 MP: 3/3
   399 | D:1      | Reached XP level 2. HP: 15/19 MP: 0/5
   403 | D:1      | Learned a level 2 spell: Throw Frost
   439 | D:1      | Reached skill level 4 in Ice Magic
  1445 | D:2      | Reached XP level 3. HP: 24/24 MP: 1/6
  1450 | D:2      | Learned a level 3 spell: Ozocubu's Armour
  2038 | D:2      | Reached skill level 5 in Ice Magic
  2324 | D:3      | Reached XP level 4. HP: 26/30 MP: 2/7
  2361 | D:3      | Found an opulent altar of Gozag.
  3271 | D:4      | Noticed Blork the orc
  3306 | D:4      | Found a staircase to the Ecumenical Temple.
  3329 | Temple   | Entered the Ecumenical Temple
  3350 | Temple   | Became a worshipper of Makhleb the Destroyer
  3443 | D:4      | Reached skill level 6 in Ice Magic
  3443 | D:4      | Reached XP level 5. HP: 35/35 MP: 0/8
  3630 | D:4      | Noticed an ogre
  3717 | D:4      | Reached skill level 1 in Fighting
  3939 | D:4      | Noticed an ogre
  4088 | D:4      | Reached XP level 6. HP: 11/44 MP: 2/9
  4108 | D:3      | Killed from afar by an orc wizard

Vault maps used:
D:1:      dpeg_arrival_shrine, serial_forest, infiniplex_forest_lined_corner,
          infiniplex_forest_join, infiniplex_forest_clump_diagonal,
          infiniplex_forest_pool, infiniplex_forest_side_room,
          infiniplex_forest_clump_double
D:3:      lemuel_doored_altar
D:4:      minmay_temple_entry_junction, serial_shops, kennysheep_mini_moat,
          first_ration, hangedman_abyss_or_decor_stabs, uniq_blork_the_orc
Temple:   eino_temple_scatter_basement

Skill      XL: |  1  2  3  4  5 |
---------------+----------------+-----
Ice Magic      | 4 5 6 |  6.1
Dodging        | 4 |  4.1
Fighting       | 2 |  2.3
Stealth        | |  2.1
Spellcasting   | |  2.0
Conjurations   | |  0.7

Action                   |  1- 3 |  4- 6 || total
-------------------------+-------+-------++-------
Melee: Dagger            |    41 |    89 ||   130
       Unarmed           |     1 |       ||     1
Throw: Stone             |     8 |       ||     8
 Cast: Freeze            |    59 |    13 ||    72
       Throw Frost       |       |     6 ||     6
  Use: Scroll            |     3 |     3 ||     6
       Potion            |       |     1 ||     1
 Stab: Sleeping          |     2 |     2 ||     4
  Eat: Chunk             |     5 |     7 ||    12
Armor: Robe              |     4 |       ||     4
       Leather armour    |     4 |    27 ||    31
Dodge: Dodged            |    49 |    58 ||   107
       Deflected         |     2 |       ||     2

Table legend:
 A = Non-vault XP
 B = Vault XP
 C = Vault XP percentage of total XP
 D = Non-vault monster count
 E = Vault monster count
 F = Vault count percentage of total count
                 A         B        C        D         E       F
            +---------+---------+-------+---------+---------+-------
      Total |     342 |       0 |   0.0 |      67 |       0 |   0.0
            +---------+---------+-------+---------+---------+-------
        D:1 |      26 |       0 |   0.0 |      17 |       0 |   0.0
        D:2 |      46 |       0 |   0.0 |      18 |       0 |   0.0
        D:3 |      59 |       0 |   0.0 |      19 |       0 |   0.0
        D:4 |     211 |       0 |   0.0 |      13 |       0 |   0.0
            +---------+---------+-------+---------+---------+-------
